 Dungeon Crawl Stone Soup version 0.16-a0-4092-gb8933cd (webtiles) character file.

76 toofou the Covered (level 4, -3/42 HPs)
             Began as a Deep Dwarf Fighter on Feb 24, 2015.
             Killed by nerve-wracking pain
             ... invoked by Grinder
              (12 damage)
             ... on level 3 of the Dungeon.
             The game lasted 00:09:56 (2198 turns).

toofou the Covered (Deep Dwarf Fighter)             Turns: 2198, Time: 00:09:56

Health: -3/42      AC:  7    Str: 20    XL:     4   Next: 12%
Magic:  4/4        EV:  8    Int:  9    God:
Gold:   64         SH:  9    Dex: 12    Spells: 0 memorised, 3 levels left

rFire  . . .     SeeInvis .     a - +0 flail
rCold  . . .     Clarity  .     b - +0 scale mail
rNeg   . . .     SustAb   .     c - +0 shield
rPois  .         Gourm    .     (no helmet)
rElec  .         Spirit   .     (no cloak)
rCorr  .         Warding  .     (no gloves)
rMut   .         Stasis   .     (no boots)
MR     .....                    (no amulet)
Stlth  ..........               (no ring)
                                (no ring)

@: non-regenerating, not resistant to hostile enchantments, extremely unstealthy
A: damage resistance, recharge devices, sense surroundings 1, slow healing 3
a: Device Recharging


You were on level 3 of the Dungeon.
You were not hungry.

You visited 1 branch of the dungeon, and saw 3 of its levels.

You collected 64 gold pieces.

Inventory:

Hand weapons
 a - a +0 flail (weapon)
Armour
 b - a +0 scale mail (worn)
 c - a +0 shield (worn)
 g - a +0 leather armour
Magical devices
 d - a wand of heal wounds (0)
Scrolls
 j - a scroll of identify {unknown}
 m - a scroll of recharging {unknown}
 n - a scroll of amnesia {unknown}
 o - a scroll of noise {unknown}
 q - 2 scrolls of blinking {unknown}
 r - a scroll of immolation {unknown}
 s - a scroll of remove curse {unknown}
 u - a scroll of random uselessness {unknown}
Potions
 e - a potion of might
 h - a potion of haste {unknown}
 l - a potion of cancellation {unknown}
 p - 2 potions of lignification {unknown}
Comestibles
 f - a bread ration
 i - a beef jerky
 k - 2 fruits
 t - a meat ration


   Skills:
 + Level 3.1 Fighting
 + Level 2.4 Maces & Flails
 + Level 4.0 Armour
 + Level 1.5 Dodging
 + Level 3.7 Shields
 + Level 0.4 Evocations


You had 3 spell levels left.
You didn't know any spells.

Dungeon Overview and Level Annotations

Branches:
Dungeon (3/15)

Altars:
Xom

Annotations:
D:3 Grinder


Innate Abilities, Weirdness & Mutations

You are resistant to damage.
You can recharge devices by infusing magical energy.
You passively map a small area around you.
You do not heal naturally.


Message History

You block Grinder's attack.
You sock Grinder!
Grinder is heavily wounded.
You block the centaur's attack. The centaur completely misses you.
Grinder hits you.
You writhe in agony.
* * * LOW HITPOINT WARNING * * *
You barely miss Grinder.
Grinder is heavily wounded.
You block the centaur's attack. The centaur barely misses you.
You block Grinder's attack. You block the centaur's attack.
You hit Grinder.
Grinder is heavily wounded.
You block Grinder's attack. The centaur barely misses you.
Grinder hits you but does no damage. You block the centaur's attack.
You hit Grinder but do no damage.
Grinder is heavily wounded.
The centaur hits you. Grinder gestures at you. Pain shoots through your body!
You die...

....#######.# #....... ...(#
#.# #........, ....# #.#
#......... , ....# ####.#
#.......... , ....# #....#
#.......... , ....####....#
#..........
....##......###...........,,
, ....##........†()c........
, ....##.........5@.........
, ... #........(.......... ,
, * # #..(...###.......... ,
, #...................
#.....####......... ####...
......... , ,
######################
..........., .#
....##########.#.#


You could see Grinder and a centaur.

Vanquished Creatures
  4 gnolls (D:2)
  An adder (D:2)
  4 hobgoblins
  4 jackals (D:1)
  A quokka (D:2)
  A ball python (D:2)
  3 bats (D:1)
  2 giant cockroaches
  3 giant newts
  6 goblins
  2 kobolds
  2 rats
33 creatures vanquished.

Notes
Turn   | Place    | Note
--------------------------------------------------------------
     0 | D:1      | toofou, the Deep Dwarf Fighter, began the quest for the Orb.
     0 | D:1      | Reached XP level 1. HP: 20/20 MP: 1/1
   534 | D:1      | Reached XP level 2. HP: 27/27 MP: 2/2
  1491 | D:2      | Reached XP level 3. HP: 27/34 MP: 3/3
  1567 | D:2      | HP: 1/34 [gnoll/spear (1)]
  1578 | D:2      | Reached skill level 1 in Dodging
  1580 | D:2      | Reached skill level 4 in Armour
  1594 | D:2      | Found a shimmering altar of Xom.
  1594 | D:2      | Found a shimmering altar of Xom.
  1602 | D:2      | Reached XP level 4. HP: 32/42 MP: 4/4
  1612 | D:2      | Found a shimmering altar of Xom.
  1612 | D:2      | Found a shimmering altar of Xom.
  1612 | D:2      | Found a shimmering altar of Xom.
  1612 | D:2      | Found a shimmering altar of Xom.
  1613 | D:2      | Found a shimmering altar of Xom.
  1613 | D:2      | Found a shimmering altar of Xom.
  2164 | D:3      | Noticed Grinder
  2166 | D:3      | Paralysed by Grinder for 5 turns
  2168 | D:3      | Noticed a centaur
  2183 | D:3      | Paralysed by Grinder for 4 turns
  2191 | D:3      | HP: 2/42 [Grinder/nerve-wracking pain (10)]
  2198 | D:3      | Killed from afar by Grinder

Action                   |  1- 3 |  4- 6 || total
-------------------------+-------+-------++-------
Melee: Flail             |    91 |    38 ||   129
Evoke: Wand              |     3 |     2 ||     5
  Eat: Bread ration      |     1 |       ||     1
